 Dungeon Crawl Stone Soup version 0.23.0 (webtiles) character file.

Game seed: 12726206692120314206

1640 MalarOregon the Nimble (level 8, 0/64 HPs)
             Began as a Merfolk Wizard on Feb 18, 2019.
             Slain by an orc warrior
             ... wielding a +0 mace
              (11 damage)
             ... on level 7 of the Dungeon.
             The game lasted 00:24:58 (9761 turns).

MalarOregon the Nimble (Merfolk Wizard)             Turns: 9761, Time: 00:24:59

Health: 0/64       AC:  7    Str: 15    XL:     8   Next: 99%
Magic:  10/26      EV: 15    Int: 19    God:
Gold:   332        SH:  0    Dex: 12    Spells: 12/19 levels left

rFire    x . .     SeeInvis +   f - +0 spear (freeze)
rCold    + . .     Gourm    .   (no shield)
rNeg     . . .     Faith    .   g - +0 leather armour
rPois    +         Spirit   .   m - +1 helmet of Bojeryux {rF- rC+ Str+7 SInv}
rElec    .         Reflect  .   (no cloak)
rCorr    .         Harm     .   s - +1 pair of gloves
MR       .....                  (no boots)
Stlth    ++........             a - amulet of regeneration
HPRegen  0.60/turn              t - ring of magical power
MPRegen  0.20/turn              r - ring of poison resistance

@: lightly drained
A: change form in water, swift swim, stealthy swim
a: no special abilities


You were on level 7 of the Dungeon.
You were hungry.

You visited 2 branches of the dungeon, and saw 8 of its levels.

You collected 332 gold pieces.

Inventory:

Hand Weapons
 f - a +0 spear of freezing (weapon)
   (You took it off a hobgoblin on level 3 of the Dungeon)
Armour
 g - a +0 leather armour (worn)
   (You found it on level 3 of the Dungeon)
 l - a +0 helmet
   (You found it on level 1 of the Dungeon)
 m - the +1 helmet of Bojeryux (worn) {rF- rC+ Str+7 SInv}
   (You took it off Robin on level 2 of the Dungeon)

   It affects your strength (+7).
   It makes you vulnerable to fire.
   It protects you from cold.
   It lets you see invisible.
 s - a +1 pair of gloves (worn)
   (You found it on level 5 of the Dungeon)
Jewellery
 a - an amulet of regeneration (around neck)
   (You found it on level 6 of the Dungeon)
 r - a ring of poison resistance (right hand)
   (You found it on level 4 of the Dungeon)
 t - a ring of magical power (left hand)
   (You found it on level 6 of the Dungeon)
Wands
 p - a wand of polymorph (9)
   (You found it on level 2 of the Dungeon)
Scrolls
 b - a scroll of teleportation {@r4}
 c - 2 scrolls of immolation {unknown}
 h - 3 scrolls of magic mapping {unknown}
 i - 3 scrolls of identify {@r1}
 k - 2 scrolls of remove curse {@r2}
Potions
 d - a potion of lignification {!q}
 j - 2 potions of might
 q - a potion of haste {@q3}
Comestibles
 e - 11 rations {!d}


   Skills:
 + Level 6.1(5.9) Fighting
 - Level 4.0(3.7) Polearms
 - Level 1.0(0.8) Armour
 + Level 8.0(7.8) Dodging
 - Level 3.0(2.8) Stealth
 + Level 6.0(5.8) Spellcasting
 - Level 1.0(0.7) Conjurations
 - Level 1.0(0.8) Summonings
 - Level 1.0(0.8) Translocations
 - Level 1.0(0.8) Air Magic
 - Level 1.0(0.8) Poison Magic


You had 12 spell levels left.
You knew the following spells:

 Your Spells              Type           Power        Failure   Level  Hunger
b - Blink                 Tloc           N/A          16%         2    None
f - Mephitic Cloud        Conj/Pois/Air  #.......     30%         3    ##.....
x - Call Imp              Summ           #.......     16%         2    None

Your spell library contained the following spells:

 Spells                   Type           Power        Failure   Level  Hunger
 Magic Dart               Conj           #...         10%         1    None
 Slow                     Hex            #.......     22%         2    None
 Conjure Flame            Conj/Fire      #.......     34%         3    ##.....
 Leda's Liquefaction      Hex/Erth       #.........   80%         4    ####...
 Bolt of Magma            Conj/Fire/Erth #.........   98%         5    #####..
 Iron Shot                Conj/Erth      #.........   100%        6    #######
 Statue Form              Tmut/Erth      #........    100%        6    #######
 Shatter                  Erth           #.........   100%        9    #######


Dungeon Overview and Level Annotations

Branches:
Dungeon (7/15)             Temple (1/1) D:6

Altars:
Ashenzari
Cheibriados
Dithmenos
Elyvilon
Fedhas
Hepliaklqana
Nemelex Xobeh
Okawaru
Qazlal
Ru
Sif Muna
Trog
Uskayaw
Vehumet
Wu Jian
Xom
Zin
The Shining One

Annotations:
D:2 1 runed translucent door, Crazy Yiuf
D:5 Grinder


Message History

The orc warrior is engulfed in noxious fumes.
The orc warrior appears confused.
The orc warrior hits you but does no damage.
The bullfrog hits you.
* * * LOW HITPOINT WARNING * * *
The orc priest invokes the aid of Beogh against you.
Beogh smites you!
* * * LOW HITPOINT WARNING * * *
Unknown command.
Aim: an orc priest, wielding a staff of fire and wearing a +0 ring mail (severely wounded, confused)
The ball explodes into a vile cloud!
The stinking cloud engulfs the gnoll but does no damage.
The stinking cloud engulfs the orc priest but does no damage. x2
The stinking cloud engulfs the orc warrior but does no damage.
The stinking cloud engulfs you but does no damage.
You hear a shout!
The bullfrog hits you but does no damage.
The gnoll is engulfed in noxious fumes.
The gnoll appears confused.
The gnoll hits you but does no damage.
The gnoll gestures wildly.
The scorpion is engulfed in noxious fumes.
The scorpion appears confused.
The orc warrior mumbles something.
The orc warrior hits you with a +0 mace.
* * * LOW HITPOINT WARNING * * *
The orc priest is engulfed in noxious fumes.
The orc priest appears confused.
The orc priest is engulfed in noxious fumes.
The orc priest appears confused.
The orc priest hits the scorpion but does no damage.
The killer bee is engulfed in noxious fumes.
The killer bee appears confused.
The killer bee stings the orc warrior but does no damage.
The bullfrog hits you but does no damage.
The orc hits the orc priest but does no damage.
Unknown command.
A beastly little devil appears in a puff of frigid air.
You feel less wooden.
The +1 helmet of Bojeryux {rF- rC+ Str+7 SInv} unmelds from your body.
Your +1 pair of gloves unmelds from your body.
Your +0 leather armour unmelds from your body.
The killer bee is engulfed in noxious fumes.
The killer bee appears confused.
The killer bee barely misses the orc warrior.
The gnoll is engulfed in noxious fumes.
The gnoll appears confused.
The gnoll hits the scorpion with a +0 flail!
The scorpion is killed!
The bullfrog barely misses you.
The orc warrior hits you with a +0 mace!
You die...

#.....# #.....#######
#...........#
###...........#####
..................######
.....)5....$......##....
...g.)F.#.#?......##....
....oo○@._.....# #....
....a○go#y#....# #....
...##oy☼.......#####....
. .....................
....#.#......#.###....
......##.#######.# ##...
#.#... # ##.####...
..#... #..[......
#....../..


You could see an orc warrior (confused), a bullfrog, a worker ant, 2 killer
bees, 2 orc priests, 2 gnolls, an orc (confused) and a friendly white imp.

Vanquished Creatures
  Eustachio (D:5)
  An orc warrior (D:6)
  An ice beast (D:6)
  A centaur (D:7)
  A bullfrog (D:6)
  2 scorpions
  3 wights
  A killer bee (D:7)
  2 howler monkeys (D:4)
  A quasit (D:6)
  A centaur zombie (D:6)
  3 hounds (D:6)
  6 orc wizards
  A gnoll shaman (D:7)
  An iguana (D:6)
  4 worker ants
  A hound zombie (D:6)
  Robin (D:2)
  10 adders
  2 gnolls (D:7)
  3 oozes
  4 worms
  4 dart slugs
  9 leopard geckos
  15 orcs
  3 giant cockroaches
  13 goblins
  11 hobgoblins
  9 jackals
  3 kobolds
  2 ball pythons
  7 bats
  4 frilled lizards
  11 rats
142 creatures vanquished.

Vanquished Creatures (collateral kills)
  2 ogres
  A centaur (D:5)
  A howler monkey (D:4)
  A crimson imp (D:5)
  An orc wizard (D:5)
  A worker ant (D:4)
  An adder (D:5)
  An orc (D:5)
  A quokka (D:5)
10 creatures vanquished.

Grand Total: 152 creatures vanquished

Notes
Turn   | Place    | Note
-------+----------+-------------------------------------------
     0 | D:1      | MalarOregon the Merfolk Wizard began the quest for the Orb.
     0 | D:1      | Reached XP level 1. HP: 13/13 MP: 4/4
    38 | D:1      | Found an iron altar of Okawaru.
   313 | D:1      | Reached skill level 3 in Dodging
   313 | D:1      | Reached XP level 2. HP: 11/20 MP: 6/6
   479 | D:1      | Reached skill level 1 in Fighting
  1047 | D:2      | Reached XP level 3. HP: 16/26 MP: 0/7
  1057 | D:2      | Reached skill level 1 in Conjurations
  1442 | D:2      | Reached skill level 1 in Polearms
  1464 | D:2      | Identified the +1 helmet of Bojeryux {rF- rC+ Str+7 SInv}
  1464 | D:2      | Noticed Robin
  1742 | D:1      | Reached XP level 4. HP: 16/32 MP: 9/9
  2009 | D:2      | Killed Robin
  2526 | D:2      | Found a sacrificial altar of Ru.
  2533 | D:2      | Reached XP level 5. HP: 30/38 MP: 10/10
  2893 | D:2      | You fall through a shaft!
  2898 | D:3      | Reached skill level 1 in Armour
  2924 | D:3      | Reached skill level 4 in Dodging
  3778 | D:2      | Found a runed translucent door.
  3779 | D:2      | Noticed Crazy Yiuf
  3911 | D:2      | Learned a level 3 spell: Mephitic Cloud
  3914 | D:2      | Learned a level 2 spell: Call Imp
  3917 | D:2      | Learned a level 2 spell: Blink
  4025 | D:3      | Found a faded altar of an unknown god.
  4269 | D:3      | Reached XP level 6. HP: 37/46 MP: 11/11
  4680 | D:3      | Reached skill level 1 in Translocations
  5189 | D:3      | Found a shimmering altar of Xom.
  5891 | D:4      | Found a radiant altar of Vehumet.
  5913 | D:4      | Reached skill level 1 in Poison Magic
  6191 | D:4      | Reached skill level 1 in Air Magic
  6215 | D:4      | Reached XP level 7. HP: 52/52 MP: 9/13
  6404 | D:4      | Found a stormy altar of Qazlal.
  6584 | D:5      | Entered Level 5 of the Dungeon
  6584 | D:5      | Noticed Grinder
  6689 | D:5      | Reached skill level 5 in Dodging
  7045 | D:5      | Found a shadowy altar of Dithmenos.
  7095 | D:5      | Noticed Eustachio
  7135 | D:5      | Killed Eustachio
  7269 | D:5      | Found a shimmering altar of Xom.
  7340 | D:5      | Found a glowing golden altar of the Shining One.
  7443 | D:5      | Found a bloodstained altar of Trog.
  7502 | D:6      | Reached skill level 6 in Dodging
  7612 | D:6      | Found a staircase to the Ecumenical Temple.
  7630 | D:6      | Reached XP level 8. HP: 32/61 MP: 12/15
  7670 | Temple   | Entered the Ecumenical Temple
  8122 | D:6      | Reached skill level 5 in Spellcasting
  8148 | D:6      | Reached skill level 5 in Fighting
  8492 | D:6      | Reached skill level 7 in Dodging
  9283 | D:7      | Got a steaming granite ring
  9285 | D:7      | Identified the ring of Qoel Nin {Dex+2 SInv} (You found it
                  | on level 7 of the Dungeon)
  9719 | D:7      | Found an ornate altar of the Wu Jian Council.
  9759 | D:7      | Reached skill level 8 in Dodging
  9761 | D:7      | Slain by an orc warrior

Skill      XL: |  1  2  3  4  5  6  7  8 |
---------------+-------------------------+-----
Dodging        | 3 4 6 8 |  8.0
Fighting       | 1 2 3 4 6 |  6.1
Conjurations   | 1 |  1.0
Polearms       | 1 2 3 4 |  4.0
Armour         | 1 |  1.0
Stealth        | 3 |  3.0
Translocations | 1 |  1.0
Poison Magic   | 1 |  1.0
Spellcasting   | 4 6 |  6.0
Air Magic      | 1 |  1.0
Summonings     | |  1.0

Action                   |  1- 3 |  4- 6 |  7- 9 || total
-------------------------+-------+-------+-------++-------
Melee: Unarmed           |    18 |       |       ||    18
       Spear             |    93 |   203 |   312 ||   608
       Club              |       |    88 |       ||    88
       Tailslap          |       |       |     3 ||     3
 Cast: Magic Dart        |    34 |    40 |       ||    74
       Call Imp          |       |     9 |    25 ||    34
       Mephitic Cloud    |       |       |     6 ||     6
       Blink             |       |       |     1 ||     1
  Use: Scroll            |       |     8 |     4 ||    12
       Potion            |       |     3 |     4 ||     7
 Stab: Sleeping          |     5 |     6 |     4 ||    15
       Paralysed         |       |     2 |       ||     2
       Invisible         |       |     1 |       ||     1
       Distracted        |       |     1 |     1 ||     2
       Confused          |       |       |     4 ||     4
  Eat: Chunk             |     3 |    14 |     8 ||    25
       Ration            |       |       |     1 ||     1
Armor: Robe              |    28 |    42 |       ||    70
       Leather armour    |       |     5 |    66 ||    71
       Skin              |       |       |   127 ||   127
Dodge: Dodged            |    89 |   165 |   200 ||   454
